Sewer Rats vs Demolitions
(R1)
Created - January 14, 2020 at 19:28
Goals
|
| Sewer Rats |
0 |
3 |
2 |
5 |
| Demolitions |
1 |
6 |
1 |
8 |
|
Shots
|
| Sewer Rats |
16 |
12 |
7 |
35 |
| Demolitions |
11 |
11 |
9 |
31 |
|
1st period
1. Demolitions , J.T. Brown 13 (Lane MacDermid 11) at 8:15
Penalties :
Robert Bortuzzo (Vic) for Unsportsmanlike conduct (Minor) at 5:21, Nikita Tryamkin (Vic) for Tripping (Minor) at 11:09, Michael Dal Colle (Tol) for Hooking (Minor) at 13:35
2nd period
2. Demolitions , Spencer Machacek 19 (Jonathan Blum 21, Daultan Leveillé 24) at 0:08
3. Demolitions , Spencer Machacek 20 (Jonathan Blum 22) at 3:31 (PP)
4. Demolitions , J.T. Brown 14 (Andrej Nestrasil 11, Robert Bortuzzo 8) at 3:44
5. Sewer Rats , Daniel Carr 16 (Erik Condra 21, Jonathan Marchessault 23) at 4:48
6. Sewer Rats , Jonathan Marchessault 20 (Daniel Carr 17, Erik Condra 22) at 6:29 (PP)
7. Demolitions , Brandon Saad 15 (Spencer Machacek 30, Jonathan Blum 23) at 9:56
8. Sewer Rats , Tomas Tatar 18 (Mark Mancari 31, Vincent Trocheck 43) at 12:46
9. Demolitions , Dennis Everberg 14 (Taylor Beck 15, Phil McRae 8) at 14:51
10. Demolitions , Brandon Saad 16 (Spencer Machacek 31, Daultan Leveillé 25) at 14:57
Penalties :
Tomas Tatar (Tol) for Tripping (Minor) at 0:13, Joel Edmundson (Tol) for Roughing (Minor) at 2:50, Brandon Saad (Vic) for Holding (Minor) at 5:11, Joel Edmundson (Tol) for Hooking (Minor) at 6:40
3rd period
11. Sewer Rats , Mark Mancari 26 (Tomas Tatar 13, Steven Kampfer 24) at 12:33 (SH)
12. Demolitions , Aaron Palushaj 3 (Jonathan Blum 24, Robert Bortuzzo 9) at 16:03 (SH)
13. Sewer Rats , Tomas Tatar 19 (Vincent Trocheck 44, Stefan Elliott 19) at 18:17
Penalties :
Robert Bortuzzo (Vic) for Tripping (Minor) at 0:53, Christoph Bertschy (Vic) for Holding (Minor) at 4:22, Jonathan Marchessault (Tol) for Hooking (Minor) at 8:50, Jared McCann (Tol) for Tripping (Minor) at 11:13, Nikita Tryamkin (Vic) for Hooking (Minor) at 14:29, Nikita Tryamkin (Vic) for Tripping (Minor) at 18:59
Goalie Stats
Darcy Kuemper (Tol), 10 saves from 14 shots - (0.714), 23:44 minutes
Marek Mazanek (Tol), 13 saves from 17 shots - (0.765), L, 19-4-2, 36:16 minutes
Alex Stalock (Vic), 30 saves from 35 shots - (0.857), W, 3-1-1, 60:00 minutes
Players Stats for Sewer Rats
Player Name G A P +/- PIM S H SB GA TA FO MP PP MP PK MP
------------------------------------------------------------------------------------
Connor Carrick 0 0 0 -1 0 0 1 0 0 1 0/0 11:02 4:02 1:35
Daniel Carr 1 1 2 -2 0 3 3 0 0 0 1/1 16:02 5:53 1:15
Dmitrij Jaskin 0 0 0 0 0 2 0 1 1 0 0/0 5:54 0:00 0:00
Erik Condra 0 2 2 -2 0 2 3 1 1 0 0/0 18:30 5:53 2:28
Jared McCann 0 0 0 0 2 1 1 0 0 0 0/2 6:43 0:00 0:00
Jarred Tinordi 0 0 0 0 0 0 0 1 0 0 0/0 5:54 2:30 0:06
Joel Edmundson 0 0 0 -1 4 1 3 0 0 1 0/0 19:26 4:23 2:04
John Ramage 0 0 0 0 0 1 0 0 0 1 0/0 16:01 0:00 7:02
Jonathan Marchessault 1 1 2 -2 2 2 1 0 0 0 3/6 14:48 5:53 0:00
Joseph Blandisi 0 0 0 0 0 0 0 0 0 1 0/0 9:17 0:00 0:17
Mark Mancari 1 1 2 -1 0 9 0 2 2 0 9/19 25:36 6:20 7:08
Martin Frk 0 0 0 0 0 2 0 0 0 0 0/0 9:00 0:00 0:00
Michael Dal Colle 0 0 0 0 2 1 0 1 0 0 0/0 5:54 0:00 0:00
Nick Cousins 0 0 0 0 0 0 1 0 1 0 5/9 10:07 0:00 1:07
Ryan Murphy 0 0 0 -2 0 0 0 3 0 0 0/0 13:14 1:18 0:12
Stefan Elliott 0 1 1 -1 0 1 1 1 0 2 0/0 20:03 4:23 2:52
Steven Kampfer 0 1 1 0 0 3 0 0 0 5 0/0 30:03 7:50 7:21
Tomas Tatar 2 1 3 -1 2 5 0 1 0 0 3/3 24:33 6:20 6:06
Vincent Trocheck 0 2 2 -2 0 2 2 0 1 0 19/41 22:34 6:20 2:51
Xavier Ouellet 0 0 0 -1 0 0 0 0 0 1 0/0 4:37 0:00 0:00
Players Stats for Demolitions
Player Name G A P +/- PIM S H SB GA TA FO MP PP MP PK MP
------------------------------------------------------------------------------------
Aaron Palushaj 1 0 1 1 0 1 0 0 0 0 0/0 1:41 0:00 1:22
Alex Hutchings 0 0 0 1 0 0 0 0 0 0 0/0 2:12 0:00 1:53
Andrej Nestrasil 0 1 1 1 0 1 1 1 1 0 6/12 13:32 4:09 0:00
Brandon Saad 2 0 2 1 2 3 1 1 0 1 4/4 25:57 6:15 6:39
Christoph Bertschy 0 0 0 0 2 0 0 0 0 0 4/7 5:28 0:00 0:33
Daultan Leveillé 0 2 2 1 0 6 2 0 0 0 18/36 22:42 6:27 3:21
Dennis Everberg 1 0 1 0 0 4 0 1 0 0 1/1 9:29 0:00 0:00
J.T. Brown 2 0 2 1 0 4 3 0 1 0 1/2 16:53 4:09 3:21
Jared Staal 0 0 0 0 0 0 0 0 0 0 0/0 0:00 0:00 0:00
Jonathan Blum 0 4 4 5 0 0 1 2 2 1 0/0 30:39 7:10 7:49
Joshua Leivo 0 0 0 0 0 1 0 1 0 0 0/0 4:55 0:00 0:00
Kerby Rychel 0 0 0 0 0 0 0 0 0 0 0/0 0:23 0:12 0:00
Lane MacDermid 0 1 1 1 0 0 2 2 0 0 0/0 13:32 4:09 0:00
Max Friberg 0 0 0 0 0 1 1 0 0 0 0/0 4:55 0:00 0:00
Mitch Callahan 0 0 0 0 0 0 0 0 0 0 0/0 0:00 0:00 0:00
Nick Pryor 0 0 0 0 0 0 0 1 0 0 0/0 13:05 0:00 3:32
Nikita Tryamkin 0 0 0 -2 6 2 3 0 0 0 0/0 18:20 3:26 2:40
Phil Di Giuseppe 0 0 0 0 0 0 0 0 0 0 0/0 0:13 0:12 0:00
Phil McRae 0 1 1 0 0 0 1 2 1 0 1/2 9:29 0:00 0:00
Robert Bortuzzo 0 2 2 5 4 0 4 2 1 1 0/0 28:19 7:10 5:31
Ryan Pulock 0 0 0 0 0 0 0 0 1 0 0/0 9:18 0:00 0:15
Spencer Machacek 2 2 4 1 0 5 0 1 3 1 6/17 26:36 6:15 7:17
Taylor Aronson 0 0 0 -2 0 0 0 3 0 2 0/0 20:33 3:26 4:39
Taylor Beck 0 1 1 0 0 3 0 0 2 0 0/0 9:29 0:00 0:00
3 Stars
1 - Jonathan Blum (Vic)
2 - Spencer Machacek (Vic)
3 - J.T. Brown (Vic)
Power Play
Sewer Rats - 1 on 7 Attempt(s) - 14.29%
Demolitions - 1 on 6 Attempt(s) - 16.67%
Penalty Kill
Sewer Rats - 5 on 6 Attempt(s) - 83.33%
- Score 1 goal in Penalty Kill
Demolitions - 6 on 7 Attempt(s) - 85.71%
- Score 1 goal in Penalty Kill
Team Stat
Sewer Rats - Hits : 16 - Faceoff Wins : 40 - Blocked Shots : 11 - Penalty Minutes : 12
Demolitions - Hits : 19 - Faceoff Wins : 41 - Blocked Shots : 17 - Penalty Minutes : 14
Official
Referees : Unknown
Linesman : Unknown
Game Notes
Jarred Tinordi is injured at 13:41 of 1st period (Back Spasms)
Marek Mazanek enters game at 3:44 of 2nd period
Ryan Murphy is injured at 0:38 of 3rd period (Bruised Right Shoulder)
Finance
Level 1 -- Attendance: 2000 (100.00%) -- Ticket Income $26,000
Level 2 -- Attendance: 1000 (100.00%) -- Ticket Income $2,000
Total Attendance: 3000 (100.00%)
Total Ticket Income: $28,000
Other Income: $1,400
Total Income: $29,400
Sewer Rats
5 vs 5 Forward
Center Left Wing Right Wing Time % Phy DF OF
1 Vincent Trocheck Tomas Tatar Mark Mancari 40 1 2 2
2 Jonathan Marchessault Daniel Carr Erik Condra 30 1 2 2
3 Nick Cousins Joseph Blandisi Martin Frk 20 1 2 2
4 Jared McCann Michael Dal Colle Dmitrij Jaskin 10 1 2 2
5 vs 5 Defense
Defense Defense Time % Phy DF OF
1 Jarred Tinordi Steven Kampfer 40 1 2 2
2 Stefan Elliott Joel Edmundson 30 1 2 2
3 Ryan Murphy John Ramage 20 1 2 2
4 Connor Carrick Xavier Ouellet 10 1 2 2
PowerPlay Forward
Center Left Wing Right Wing Time % Phy DF OF
1 Vincent Trocheck Tomas Tatar Mark Mancari 60 1 2 2
2 Jonathan Marchessault Daniel Carr Erik Condra 40 1 2 2
PowerPlay Defense
Defense Defense Time % Phy DF OF
1 Jarred Tinordi Steven Kampfer 60 1 2 2
2 Stefan Elliott Joel Edmundson 40 1 2 2
Penalty Kill 4 Players Forward
Center Wing Time % Phy DF OF
1 Mark Mancari Tomas Tatar 60 1 2 2
2 Vincent Trocheck Erik Condra 40 1 2 2
Penalty Kill 4 Players Defense
Defense Defense Time % Phy DF OF
1 Jarred Tinordi Steven Kampfer 60 1 2 2
2 Stefan Elliott Joel Edmundson 40 1 2 2
Penalty Kill - 3 Players Forward
Forward Time % Phy DF OF
1 Mark Mancari 60 1 2 2
2 Tomas Tatar 40 1 2 2
Penalty Kill - 3 Players Defense
Defense Defense Time % Phy DF OF
1 Jarred Tinordi Steven Kampfer 60 1 2 2
2 Stefan Elliott Joel Edmundson 40 1 2 2
4 vs 4 Forward
Center Wing Time % Phy DF OF
1 Mark Mancari Tomas Tatar 60 1 2 2
2 Vincent Trocheck Erik Condra 40 1 2 2
4 vs 4 Defense
Defense Defense Time % Phy DF OF
1 Jarred Tinordi Steven Kampfer 60 1 2 2
2 Stefan Elliott Joel Edmundson 40 1 2 2
Last Minutes Offensive
Center Left Wing Right Wing Defense Defense
Vincent Trocheck Tomas Tatar Mark Mancari Jarred Tinordi Steven Kampfer
Last Minutes Defensive
Center Left Wing Right Wing Defense Defense
Vincent Trocheck Tomas Tatar Mark Mancari Jarred Tinordi Steven Kampfer
Goaltenders
Starting : Darcy Kuemper
Backup : Marek Mazanek
Extra Forwards
Normal : Martin Frk, Dmitrij Jaskin, Nick Cousins - PP : Martin Frk, Dmitrij Jaskin - PK : Nick Cousins
Extra Defensemen
Normal : Ryan Murphy, John Ramage, Connor Carrick - PP : Ryan Murphy - PK : John Ramage, Connor Carrick
Penalty Shots
Mark Mancari, Tomas Tatar, Vincent Trocheck, Erik Condra, Jonathan Marchessault
Scratches
Dominik Kubalik (Healthy), Josh Archibald (Healthy), Jonathan Racine (Healthy), Tyler Motte (Healthy), Chris Calhan (Healthy)
Anthony Duclair (Healthy), Mark Friedman (Healthy), Matteson Iacopelli (Healthy), Sergei Kostenko (Healthy), Antoine Bibeau (Healthy)
Demolitions
5 vs 5 Forward
Center Left Wing Right Wing Time % Phy DF OF
1 Daultan Leveillé Brandon Saad Spencer Machacek 40 1 2 2
2 Andrej Nestrasil Lane MacDermid J.T. Brown 30 1 2 2
3 Phil McRae Taylor Beck Dennis Everberg 20 1 2 2
4 Christoph Bertschy Joshua Leivo Max Friberg 10 1 2 2
5 vs 5 Defense
Defense Defense Time % Phy DF OF
1 Jonathan Blum Robert Bortuzzo 40 1 2 2
2 Nikita Tryamkin Taylor Aronson 30 1 2 2
3 Ryan Pulock Nick Pryor 20 1 2 2
4 Jonathan Blum Robert Bortuzzo 10 1 2 2
PowerPlay Forward
Center Left Wing Right Wing Time % Phy DF OF
1 Daultan Leveillé Brandon Saad Spencer Machacek 60 1 2 2
2 Andrej Nestrasil Lane MacDermid J.T. Brown 40 1 2 2
PowerPlay Defense
Defense Defense Time % Phy DF OF
1 Jonathan Blum Robert Bortuzzo 60 1 2 2
2 Nikita Tryamkin Taylor Aronson 40 1 2 2
Penalty Kill 4 Players Forward
Center Wing Time % Phy DF OF
1 Spencer Machacek Brandon Saad 60 1 2 2
2 Daultan Leveillé J.T. Brown 40 1 2 2
Penalty Kill 4 Players Defense
Defense Defense Time % Phy DF OF
1 Jonathan Blum Robert Bortuzzo 60 1 2 2
2 Nikita Tryamkin Taylor Aronson 40 1 2 2
Penalty Kill - 3 Players Forward
Forward Time % Phy DF OF
1 Spencer Machacek 60 1 2 2
2 Brandon Saad 40 1 2 2
Penalty Kill - 3 Players Defense
Defense Defense Time % Phy DF OF
1 Jonathan Blum Robert Bortuzzo 60 1 2 2
2 Nikita Tryamkin Taylor Aronson 40 1 2 2
4 vs 4 Forward
Center Wing Time % Phy DF OF
1 Spencer Machacek Brandon Saad 60 1 2 2
2 Daultan Leveillé J.T. Brown 40 1 2 2
4 vs 4 Defense
Defense Defense Time % Phy DF OF
1 Jonathan Blum Robert Bortuzzo 60 1 2 2
2 Nikita Tryamkin Taylor Aronson 40 1 2 2
Last Minutes Offensive
Center Left Wing Right Wing Defense Defense
Daultan Leveillé Brandon Saad Spencer Machacek Jonathan Blum Robert Bortuzzo
Last Minutes Defensive
Center Left Wing Right Wing Defense Defense
Daultan Leveillé Brandon Saad Spencer Machacek Jonathan Blum Robert Bortuzzo
Goaltenders
Starting : Alex Stalock
Backup : Antti Raanta
Extra Forwards
Normal : Kerby Rychel, Phil Di Giuseppe, Aaron Palushaj - PP : Kerby Rychel, Phil Di Giuseppe - PK : Aaron Palushaj
Extra Defensemen
Normal : Ryan Pulock, Nick Pryor, Nikita Tryamkin - PP : Ryan Pulock - PK : Nick Pryor, Nikita Tryamkin
Penalty Shots
Spencer Machacek, Brandon Saad, Daultan Leveillé, J.T. Brown, Dennis Everberg
Scratches
Tommy Vannelli (Healthy), Thomas DiPauli (Healthy), Colton Sceviour (Healthy), Jake Muzzin (Sore Right Knee Injury), Michael Prapavessis (Healthy)
Jaedon Descheneau (Healthy), Jake Paterson (Healthy), Francois Tremblay (Healthy), Brandon Halverson (Healthy)
% Time on Ice - Sewer Rats
Lines # - Real PCT - Wanted PCT - Time Play
Normal Forward
1 - 33% - 40% - 12:08
2 - 27% - 30% - 10:09
3 - 24% - 20% - 9:00
4 - 16% - 10% - 5:54
Normal Defense
1 - 41% - 40% - 15:07
2 - 33% - 30% - 12:08
3 - 14% - 20% - 5:19
4 - 12% - 10% - 4:37
PP Forward
1 - 52% - 60% - 6:20
2 - 48% - 40% - 5:53
PP Defense
1 - 64% - 60% - 7:50
2 - 36% - 40% - 4:23
PK Forward
1 - 77% - 60% - 8:08
2 - 23% - 40% - 2:28
PK Defense
1 - 73% - 60% - 7:44
2 - 27% - 40% - 2:52
PK3 Forward
1 - 0% - 60%
2 - 0% - 40%
PK3 Defense
1 - 0% - 60%
2 - 0% - 40%
44 Forward
1 - 0% - 60%
2 - 0% - 40%
44 Defense
1 - 0% - 60%
2 - 0% - 40%
Last Minute Offensive - 0:00
Last Minute Defensive - 0:00
Total
Forward - 60:00
Defense - 60:00
|
% Time on Ice - Demolitions
Lines # - Real PCT - Wanted PCT - Time Play
Normal Forward
1 - 36% - 40% - 13:24
2 - 25% - 30% - 9:23
3 - 26% - 20% - 9:29
4 - 13% - 10% - 4:55
Normal Defense
1 - 44% - 40% - 16:15
2 - 30% - 30% - 11:06
3 - 24% - 20% - 9:03
4 - 2% - 10% - 0:47
PP Forward
1 - 61% - 60% - 6:27
2 - 39% - 40% - 4:09
PP Defense
1 - 68% - 60% - 7:10
2 - 32% - 40% - 3:26
PK Forward
1 - 73% - 60% - 8:52
2 - 27% - 40% - 3:21
PK Defense
1 - 72% - 60% - 8:45
2 - 28% - 40% - 3:28
PK3 Forward
1 - 0% - 60%
2 - 0% - 40%
PK3 Defense
1 - 0% - 60%
2 - 0% - 40%
44 Forward
1 - 0% - 60%
2 - 0% - 40%
44 Defense
1 - 0% - 60%
2 - 0% - 40%
Last Minute Offensive - 0:00
Last Minute Defensive - 0:00
Total
Forward - 60:00
Defense - 60:00
|
Play-by-Play
1st period
0:01 of 1st period - Vincent Trocheck wins face-off versus Daultan Leveillé in neutral zone.
0:23 of 1st period - Icing by Jarred Tinordi.
0:24 of 1st period - Andrej Nestrasil wins face-off versus Vincent Trocheck in Sewer Rats zone.
0:55 of 1st period - Snap shot by Erik Condra.
0:55 of 1st period - Shot Blocked by Lane MacDermid.
0:57 of 1st period - Snap shot by Erik Condra.
0:57 of 1st period - Stopped by Alex Stalock without a rebound.
0:58 of 1st period - Nick Cousins wins face-off versus Christoph Bertschy in Demolitions zone.
1:01 of 1st period - Backhand shot by Nick Cousins.
1:01 of 1st period - Shot Misses the Net.
2:04 of 1st period - Snap shot by Taylor Beck.
2:04 of 1st period - Stopped by Darcy Kuemper without a rebound.
2:05 of 1st period - Dennis Everberg wins face-off versus Nick Cousins in Sewer Rats zone.
2:12 of 1st period - Wrist shot by Dennis Everberg.
2:12 of 1st period - Stopped by Darcy Kuemper with a rebound.
2:14 of 1st period - Slapshot by Nikita Tryamkin.
2:14 of 1st period - Stopped by Darcy Kuemper without a rebound.
2:15 of 1st period - Brandon Saad wins face-off versus Nick Cousins in Sewer Rats zone.
2:20 of 1st period - Slapshot by Daultan Leveillé.
2:20 of 1st period - Stopped by Darcy Kuemper without a rebound.
2:21 of 1st period - Daultan Leveillé wins face-off versus Vincent Trocheck in Sewer Rats zone.
2:26 of 1st period - Slapshot by Brandon Saad.
2:26 of 1st period - Shot Misses the Net.
2:34 of 1st period - Wrist shot by Spencer Machacek.
2:34 of 1st period - Shot Misses the Net.
2:36 of 1st period - Slapshot by Jonathan Blum.
2:36 of 1st period - Shot Misses the Net.
2:56 of 1st period - Wrist shot by Joshua Leivo.
2:56 of 1st period - Stopped by Darcy Kuemper with a rebound.
3:12 of 1st period - Nick Pryor is hit by Nick Cousins and loses puck.
3:29 of 1st period - Snap shot by Dmitrij Jaskin.
3:29 of 1st period - Shot Blocked by Phil McRae.
3:37 of 1st period - Snap shot by Dmitrij Jaskin.
3:37 of 1st period - Stopped by Alex Stalock with a rebound.
4:17 of 1st period - Erik Condra is hit by Max Friberg and loses puck.
4:59 of 1st period - Snap shot by Martin Frk.
4:59 of 1st period - Stopped by Alex Stalock without a rebound.
5:00 of 1st period - Nick Cousins wins face-off versus Daultan Leveillé in Demolitions zone.
5:21 of 1st period - Minor Penalty to Robert Bortuzzo for Unsportsmanlike conduct.
5:22 of 1st period - Vincent Trocheck wins face-off versus Spencer Machacek in Demolitions zone.
5:23 of 1st period - Snap shot by Tomas Tatar.
5:23 of 1st period - Shot Misses the Net.
5:25 of 1st period - Snap shot by Tomas Tatar.
5:25 of 1st period - Shot Misses the Net.
5:27 of 1st period - Slapshot by Tomas Tatar.
5:27 of 1st period - Deflect By Mark Mancari.
5:27 of 1st period - Shot Blocked by Spencer Machacek.
5:27 of 1st period - Puck is out of play.
5:28 of 1st period - Spencer Machacek wins face-off versus Vincent Trocheck in Demolitions zone.
5:39 of 1st period - Backhand shot by Mark Mancari.
5:39 of 1st period - Deflect By Vincent Trocheck.
5:39 of 1st period - Stopped by Alex Stalock without a rebound.
5:40 of 1st period - Spencer Machacek wins face-off versus Vincent Trocheck in Demolitions zone.
5:49 of 1st period - Snap shot by Brandon Saad.
5:49 of 1st period - Shot Misses the Net.
7:21 of 1st period - Penalty to Robert Bortuzzo is over, Robert Bortuzzo is back on ice.
8:15 of 1st period - Snap shot by J.T. Brown.
8:15 of 1st period - Goal by J.T. Brown - Sewer Rats : 0 - Demolitions : 1.
8:16 of 1st period - Daultan Leveillé wins face-off versus Vincent Trocheck in neutral zone.
8:29 of 1st period - Daultan Leveillé is hit by Vincent Trocheck and loses puck.
9:30 of 1st period - Snap shot by Vincent Trocheck.
9:30 of 1st period - Deflect By Mark Mancari.
9:30 of 1st period - Stopped by Alex Stalock without a rebound.
9:31 of 1st period - Daultan Leveillé wins face-off versus Vincent Trocheck in Demolitions zone.
9:48 of 1st period - Snap shot by Daultan Leveillé.
9:48 of 1st period - Shot Misses the Net.
9:56 of 1st period - Snap shot by Spencer Machacek.
9:56 of 1st period - Shot Misses the Net.
10:08 of 1st period - Wrist shot by Tomas Tatar.
10:08 of 1st period - Shot Misses the Net.
10:10 of 1st period - Snap shot by Tomas Tatar.
10:10 of 1st period - Shot Misses the Net.
10:12 of 1st period - Wrist shot by Stefan Elliott.
10:12 of 1st period - Stopped by Alex Stalock with a rebound.
10:22 of 1st period - Snap shot by Mark Mancari.
10:22 of 1st period - Stopped by Alex Stalock with a rebound.
10:24 of 1st period - Snap shot by Vincent Trocheck.
10:24 of 1st period - Shot Misses the Net.
10:26 of 1st period - Wrist shot by Vincent Trocheck.
10:26 of 1st period - Shot Blocked by Jonathan Blum.
10:28 of 1st period - Backhand shot by Tomas Tatar.
10:28 of 1st period - Deflect By Mark Mancari.
10:28 of 1st period - Shot Misses the Net.
10:28 of 1st period - Puck is out of play.
10:29 of 1st period - Daniel Carr wins face-off versus Andrej Nestrasil in Demolitions zone.
10:44 of 1st period - Snap shot by Erik Condra.
10:44 of 1st period - Deflect By Daniel Carr.
10:44 of 1st period - Stopped by Alex Stalock with a rebound.
10:54 of 1st period - Martin Frk is hit by Phil McRae and loses puck.
11:00 of 1st period - Ryan Murphy is hit by Nikita Tryamkin and loses puck.
11:09 of 1st period - Minor Penalty to Nikita Tryamkin for Tripping.
11:10 of 1st period - Vincent Trocheck wins face-off versus Spencer Machacek in Demolitions zone.
11:35 of 1st period - J.T. Brown is hit by Jonathan Marchessault.
11:39 of 1st period - Snap shot by Erik Condra.
11:39 of 1st period - Shot Hit the Post.
11:41 of 1st period - Snap shot by Erik Condra.
11:41 of 1st period - Shot Blocked by Robert Bortuzzo.
11:43 of 1st period - Slapshot by Stefan Elliott.
11:43 of 1st period - Shot Misses the Net.
11:45 of 1st period - Slapshot by Joel Edmundson.
11:45 of 1st period - Stopped by Alex Stalock without a rebound.
11:46 of 1st period - Vincent Trocheck wins face-off versus Spencer Machacek in Demolitions zone.
11:53 of 1st period - Snap shot by Mark Mancari.
11:53 of 1st period - Stopped by Alex Stalock without a rebound.
11:54 of 1st period - Vincent Trocheck wins face-off versus Spencer Machacek in Demolitions zone.
11:57 of 1st period - Wrist shot by Mark Mancari.
11:57 of 1st period - Stopped by Alex Stalock with a rebound.
11:59 of 1st period - Slapshot by Mark Mancari.
11:59 of 1st period - Stopped by Alex Stalock with a rebound.
12:07 of 1st period - Snap shot by Mark Mancari.
12:07 of 1st period - Shot Blocked by Brandon Saad.
12:09 of 1st period - Snap shot by Mark Mancari.
12:09 of 1st period - Deflect By Tomas Tatar.
12:09 of 1st period - Stopped by Alex Stalock with a rebound.
13:09 of 1st period - Penalty to Nikita Tryamkin is over, Nikita Tryamkin is back on ice.
13:27 of 1st period - Off-side.
13:28 of 1st period - Andrej Nestrasil wins face-off versus Jared McCann in neutral zone.
13:33 of 1st period - Slapshot by Andrej Nestrasil.
13:33 of 1st period - Shot Blocked by Dmitrij Jaskin.
13:35 of 1st period - Minor Penalty to Michael Dal Colle for Hooking.
13:36 of 1st period - Brandon Saad wins face-off versus Mark Mancari in Sewer Rats zone.
13:37 of 1st period - Wrist shot by Daultan Leveillé.
13:37 of 1st period - Shot Blocked by Mark Mancari.
13:39 of 1st period - Slapshot by Daultan Leveillé.
13:39 of 1st period - Shot Blocked by Tomas Tatar.
13:41 of 1st period - Slapshot by Daultan Leveillé.
13:41 of 1st period - Shot Blocked by Jarred Tinordi.
13:41 of 1st period - Jarred Tinordi from Sewer Rats is injured at 13:41 of 1st period (Back Spasms).
13:42 of 1st period - Mark Mancari wins face-off versus Daultan Leveillé in Sewer Rats zone.
13:52 of 1st period - Icing by Brandon Saad.
13:53 of 1st period - Daultan Leveillé wins face-off versus Mark Mancari in Demolitions zone.
14:09 of 1st period - Off-side.
14:10 of 1st period - Tomas Tatar wins face-off versus Andrej Nestrasil in neutral zone.
14:21 of 1st period - Snap shot by Mark Mancari.
14:21 of 1st period - Shot Blocked by Lane MacDermid.
14:23 of 1st period - Slapshot by Steven Kampfer.
14:23 of 1st period - Stopped by Alex Stalock without a rebound.
14:24 of 1st period - Mark Mancari wins face-off versus Daultan Leveillé in Demolitions zone.
14:44 of 1st period - Icing by Brandon Saad.
14:45 of 1st period - Brandon Saad wins face-off versus Mark Mancari in Demolitions zone.
14:56 of 1st period - Wrist shot by Daultan Leveillé.
14:56 of 1st period - Stopped by Darcy Kuemper without a rebound.
14:57 of 1st period - Andrej Nestrasil wins face-off versus Mark Mancari in Sewer Rats zone.
15:06 of 1st period - Wrist shot by J.T. Brown.
15:06 of 1st period - Shot Misses the Net.
15:35 of 1st period - Penalty to Michael Dal Colle is over, Michael Dal Colle is back on ice.
15:52 of 1st period - Snap shot by Joseph Blandisi.
15:52 of 1st period - Shot Blocked by Taylor Aronson.
16:01 of 1st period - Off-side.
16:02 of 1st period - Christoph Bertschy wins face-off versus Jonathan Marchessault in neutral zone.
16:10 of 1st period - Off-side.
16:11 of 1st period - Vincent Trocheck wins face-off versus Daultan Leveillé in neutral zone.
16:36 of 1st period - Ryan Pulock is hit by Erik Condra and loses puck.
16:57 of 1st period - Slapshot by Max Friberg.
16:57 of 1st period - Stopped by Darcy Kuemper without a rebound.
16:58 of 1st period - Vincent Trocheck wins face-off versus Christoph Bertschy in Sewer Rats zone.
17:07 of 1st period - Slapshot by Vincent Trocheck.
17:07 of 1st period - Stopped by Alex Stalock with a rebound.
18:08 of 1st period - Wrist shot by Taylor Beck.
18:08 of 1st period - Stopped by Darcy Kuemper with a rebound.
18:10 of 1st period - Slapshot by Nikita Tryamkin.
18:10 of 1st period - Stopped by Darcy Kuemper with a rebound.
18:16 of 1st period - Wrist shot by Taylor Beck.
18:16 of 1st period - Stopped by Darcy Kuemper without a rebound.
18:17 of 1st period - Daultan Leveillé wins face-off versus Vincent Trocheck in Sewer Rats zone.
18:42 of 1st period - Snap shot by Phil McRae.
18:42 of 1st period - Shot Hit the Post.
18:54 of 1st period - Snap shot by Mark Mancari.
18:54 of 1st period - Deflect By Phil McRae.
18:54 of 1st period - Stopped by Alex Stalock without a rebound.
18:55 of 1st period - Daultan Leveillé wins face-off versus Jonathan Marchessault in Demolitions zone.
Goals for this period are 0 for Sewer Rats vs 1 for Demolitions.
Shots for this period are 16 for Sewer Rats vs 11 for Demolitions.
2nd period
0:01 of 2nd period - Daultan Leveillé wins face-off versus Vincent Trocheck in neutral zone.
0:08 of 2nd period - Snap shot by Spencer Machacek.
0:08 of 2nd period - Goal by Spencer Machacek - Sewer Rats : 0 - Demolitions : 2.
0:09 of 2nd period - Daultan Leveillé wins face-off versus Mark Mancari in neutral zone.
0:13 of 2nd period - Minor Penalty to Tomas Tatar for Tripping.
0:14 of 2nd period - Mark Mancari wins face-off versus Daultan Leveillé in Sewer Rats zone.
0:49 of 2nd period - Wrist shot by Andrej Nestrasil.
0:49 of 2nd period - Shot Misses the Net.
1:15 of 2nd period - Joel Edmundson is hit by J.T. Brown.
2:13 of 2nd period - Penalty to Tomas Tatar is over, Tomas Tatar is back on ice.
2:23 of 2nd period - Backhand shot by Dmitrij Jaskin.
2:23 of 2nd period - Shot Hit the Post.
2:25 of 2nd period - Slapshot by Jared McCann.
2:25 of 2nd period - Shot Misses the Net.
2:27 of 2nd period - Slapshot by Connor Carrick.
2:27 of 2nd period - Deflect By Dmitrij Jaskin.
2:27 of 2nd period - Shot Blocked by Nick Pryor.
2:27 of 2nd period - Puck is out of play.
2:28 of 2nd period - Christoph Bertschy wins face-off versus Nick Cousins in Demolitions zone.
2:28 of 2nd period - Christoph Bertschy is hit by Joel Edmundson.
2:42 of 2nd period - Slapshot by Ryan Pulock.
2:42 of 2nd period - Shot Misses the Net.
2:50 of 2nd period - Minor Penalty to Joel Edmundson for Roughing.
2:51 of 2nd period - Mark Mancari wins face-off versus Spencer Machacek in Sewer Rats zone.
3:31 of 2nd period - Slapshot by Spencer Machacek.
3:31 of 2nd period - Goal by Spencer Machacek - Sewer Rats : 0 - Demolitions : 3.
3:32 of 2nd period - Andrej Nestrasil wins face-off versus Vincent Trocheck in neutral zone.
3:44 of 2nd period - Backhand shot by J.T. Brown.
3:44 of 2nd period - Goal by J.T. Brown - Sewer Rats : 0 - Demolitions : 4.
3:44 of 2nd period - Marek Mazanek enters game.
3:45 of 2nd period - Vincent Trocheck wins face-off versus Daultan Leveillé in neutral zone.
3:48 of 2nd period - Snap shot by Mark Mancari.
3:48 of 2nd period - Stopped by Alex Stalock without a rebound.
3:49 of 2nd period - Daultan Leveillé wins face-off versus Mark Mancari in Demolitions zone.
4:15 of 2nd period - Off-side.
4:16 of 2nd period - Jonathan Marchessault wins face-off versus Andrej Nestrasil in neutral zone.
4:16 of 2nd period - Jonathan Marchessault is hit by Andrej Nestrasil.
4:48 of 2nd period - Wrist shot by Daniel Carr.
4:48 of 2nd period - Goal by Daniel Carr - Sewer Rats : 1 - Demolitions : 4.
4:49 of 2nd period - Vincent Trocheck wins face-off versus Daultan Leveillé in neutral zone.
5:11 of 2nd period - Minor Penalty to Brandon Saad for Holding.
5:12 of 2nd period - Spencer Machacek wins face-off versus Vincent Trocheck in Demolitions zone.
6:01 of 2nd period - Snap shot by Steven Kampfer.
6:01 of 2nd period - Deflect By Taylor Aronson.
6:01 of 2nd period - Stopped by Alex Stalock with a rebound.
6:03 of 2nd period - Snap shot by Daniel Carr.
6:03 of 2nd period - Stopped by Alex Stalock with a rebound.
6:05 of 2nd period - Wrist shot by Jonathan Marchessault.
6:05 of 2nd period - Stopped by Alex Stalock with a rebound.
6:13 of 2nd period - Snap shot by Erik Condra.
6:13 of 2nd period - Shot Blocked by Taylor Aronson.
6:15 of 2nd period - Wrist shot by Jonathan Marchessault.
6:15 of 2nd period - Shot Misses the Net.
6:29 of 2nd period - Wrist shot by Jonathan Marchessault.
6:29 of 2nd period - Goal by Jonathan Marchessault - Sewer Rats : 2 - Demolitions : 4.
6:30 of 2nd period - Daultan Leveillé wins face-off versus Vincent Trocheck in neutral zone.
6:40 of 2nd period - Minor Penalty to Joel Edmundson for Hooking.
6:41 of 2nd period - Mark Mancari wins face-off versus Daultan Leveillé in Sewer Rats zone.
8:01 of 2nd period - Mark Mancari is hit by J.T. Brown.
8:40 of 2nd period - Penalty to Joel Edmundson is over, Joel Edmundson is back on ice.
9:09 of 2nd period - Wrist shot by Martin Frk.
9:09 of 2nd period - Stopped by Alex Stalock without a rebound.
9:10 of 2nd period - Nick Cousins wins face-off versus Christoph Bertschy in Demolitions zone.
9:35 of 2nd period - Dennis Everberg is hit by Jared McCann and loses puck.
9:56 of 2nd period - Wrist shot by Brandon Saad.
9:56 of 2nd period - Goal by Brandon Saad - Sewer Rats : 2 - Demolitions : 5.
9:57 of 2nd period - Daultan Leveillé wins face-off versus Vincent Trocheck in neutral zone.
10:04 of 2nd period - Wrist shot by Spencer Machacek.
10:04 of 2nd period - Shot Misses the Net.
10:45 of 2nd period - Jonathan Blum is hit by Stefan Elliott.
11:05 of 2nd period - Slapshot by Vincent Trocheck.
11:05 of 2nd period - Deflect By Mark Mancari.
11:05 of 2nd period - Shot Blocked by Joshua Leivo.
11:05 of 2nd period - Puck is out of play.
11:06 of 2nd period - Christoph Bertschy wins face-off versus Vincent Trocheck in Demolitions zone.
11:10 of 2nd period - Off-side.
11:11 of 2nd period - Daultan Leveillé wins face-off versus Vincent Trocheck in neutral zone.
11:14 of 2nd period - Steven Kampfer is hit by Brandon Saad and loses puck.
11:21 of 2nd period - Wrist shot by Brandon Saad.
11:21 of 2nd period - Shot Misses the Net.
11:23 of 2nd period - Wrist shot by Daultan Leveillé.
11:23 of 2nd period - Stopped by Marek Mazanek without a rebound.
11:24 of 2nd period - Vincent Trocheck wins face-off versus Daultan Leveillé in Sewer Rats zone.
11:49 of 2nd period - Ryan Murphy is hit by Lane MacDermid and loses puck.
12:40 of 2nd period - Backhand shot by Dmitrij Jaskin.
12:40 of 2nd period - Shot Misses the Net.
12:42 of 2nd period - Slapshot by Michael Dal Colle.
12:42 of 2nd period - Stopped by Alex Stalock without a rebound.
12:43 of 2nd period - Vincent Trocheck wins face-off versus Daultan Leveillé in Demolitions zone.
12:44 of 2nd period - Snap shot by Mark Mancari.
12:44 of 2nd period - Stopped by Alex Stalock with a rebound.
12:46 of 2nd period - Snap shot by Tomas Tatar.
12:46 of 2nd period - Goal by Tomas Tatar - Sewer Rats : 3 - Demolitions : 5.
12:47 of 2nd period - Vincent Trocheck wins face-off versus Daultan Leveillé in neutral zone.
13:00 of 2nd period - Backhand shot by Spencer Machacek.
13:00 of 2nd period - Shot Blocked by Ryan Murphy.
13:02 of 2nd period - Wrist shot by Brandon Saad.
13:02 of 2nd period - Shot Misses the Net.
13:51 of 2nd period - Snap shot by Dmitrij Jaskin.
13:51 of 2nd period - Stopped by Alex Stalock without a rebound.
13:52 of 2nd period - Christoph Bertschy wins face-off versus Jared McCann in Demolitions zone.
14:07 of 2nd period - Jared McCann is hit by Robert Bortuzzo and loses puck.
14:49 of 2nd period - Backhand shot by Taylor Beck.
14:49 of 2nd period - Shot Misses the Net.
14:51 of 2nd period - Wrist shot by Dennis Everberg.
14:51 of 2nd period - Goal by Dennis Everberg - Sewer Rats : 3 - Demolitions : 6.
14:52 of 2nd period - Daultan Leveillé wins face-off versus Vincent Trocheck in neutral zone.
14:57 of 2nd period - Slapshot by Brandon Saad.
14:57 of 2nd period - Goal by Brandon Saad - Sewer Rats : 3 - Demolitions : 7.
14:58 of 2nd period - Spencer Machacek wins face-off versus Vincent Trocheck in neutral zone.
15:03 of 2nd period - Wrist shot by Spencer Machacek.
15:03 of 2nd period - Stopped by Marek Mazanek without a rebound.
15:04 of 2nd period - Daultan Leveillé wins face-off versus Vincent Trocheck in Sewer Rats zone.
15:05 of 2nd period - Snap shot by Spencer Machacek.
15:05 of 2nd period - Stopped by Marek Mazanek with a rebound.
15:07 of 2nd period - Wrist shot by Brandon Saad.
15:07 of 2nd period - Deflect By Daultan Leveillé.
15:07 of 2nd period - Shot Misses the Net.
15:07 of 2nd period - Puck is out of play.
15:08 of 2nd period - Vincent Trocheck wins face-off versus Daultan Leveillé in Sewer Rats zone.
15:31 of 2nd period - Slapshot by Spencer Machacek.
15:31 of 2nd period - Stopped by Marek Mazanek without a rebound.
15:32 of 2nd period - Andrej Nestrasil wins face-off versus Jonathan Marchessault in Sewer Rats zone.
15:37 of 2nd period - Snap shot by Lane MacDermid.
15:37 of 2nd period - Shot Blocked by Ryan Murphy.
15:39 of 2nd period - Snap shot by Andrej Nestrasil.
15:39 of 2nd period - Stopped by Marek Mazanek without a rebound.
15:40 of 2nd period - Jonathan Marchessault wins face-off versus J.T. Brown in Sewer Rats zone.
16:11 of 2nd period - Wrist shot by Mark Mancari.
16:11 of 2nd period - Shot Misses the Net.
16:13 of 2nd period - Slapshot by Vincent Trocheck.
16:13 of 2nd period - Shot Misses the Net.
16:15 of 2nd period - Snap shot by Mark Mancari.
16:15 of 2nd period - Shot Misses the Net.
16:45 of 2nd period - Nikita Tryamkin is hit by Joel Edmundson.
17:33 of 2nd period - Wrist shot by Spencer Machacek.
17:33 of 2nd period - Shot Misses the Net.
17:47 of 2nd period - Slapshot by Nick Cousins.
17:47 of 2nd period - Shot Blocked by Jonathan Blum.
17:55 of 2nd period - Snap shot by Martin Frk.
17:55 of 2nd period - Deflect By Joseph Blandisi.
17:55 of 2nd period - Shot Blocked by Robert Bortuzzo.
17:55 of 2nd period - Puck is out of play.
17:56 of 2nd period - Andrej Nestrasil wins face-off versus Vincent Trocheck in Demolitions zone.
18:09 of 2nd period - J.T. Brown is hit by Vincent Trocheck.
18:27 of 2nd period - Snap shot by Erik Condra.
18:27 of 2nd period - Stopped by Alex Stalock with a rebound.
19:31 of 2nd period - Mark Mancari is hit by J.T. Brown and loses puck.
Goals for this period are 3 for Sewer Rats vs 6 for Demolitions.
Shots for this period are 12 for Sewer Rats vs 11 for Demolitions.
3rd period
0:01 of 3rd period - Spencer Machacek wins face-off versus Vincent Trocheck in neutral zone.
0:04 of 3rd period - Snap shot by Daultan Leveillé.
0:04 of 3rd period - Stopped by Marek Mazanek without a rebound.
0:05 of 3rd period - Tomas Tatar wins face-off versus Daultan Leveillé in Sewer Rats zone.
0:14 of 3rd period - Snap shot by Tomas Tatar.
0:14 of 3rd period - Stopped by Alex Stalock with a rebound.
0:16 of 3rd period - Slapshot by John Ramage.
0:16 of 3rd period - Shot Misses the Net.
0:36 of 3rd period - Snap shot by J.T. Brown.
0:36 of 3rd period - Stopped by Marek Mazanek with a rebound.
0:38 of 3rd period - Slapshot by Robert Bortuzzo.
0:38 of 3rd period - Shot Blocked by Ryan Murphy.
0:38 of 3rd period - Ryan Murphy from Sewer Rats is injured at 0:38 of 3rd period (Bruised Right Shoulder).
0:39 of 3rd period - Mark Mancari wins face-off versus Andrej Nestrasil in Sewer Rats zone.
0:39 of 3rd period - Mark Mancari is hit by Lane MacDermid.
0:51 of 3rd period - Snap shot by Mark Mancari.
0:51 of 3rd period - Shot Misses the Net.
0:53 of 3rd period - Minor Penalty to Robert Bortuzzo for Tripping.
0:54 of 3rd period - Vincent Trocheck wins face-off versus Spencer Machacek in Demolitions zone.
1:01 of 3rd period - Snap shot by Tomas Tatar.
1:01 of 3rd period - Stopped by Alex Stalock with a rebound.
1:03 of 3rd period - Slapshot by Steven Kampfer.
1:03 of 3rd period - Stopped by Alex Stalock with a rebound.
2:53 of 3rd period - Penalty to Robert Bortuzzo is over, Robert Bortuzzo is back on ice.
3:05 of 3rd period - Slapshot by Stefan Elliott.
3:05 of 3rd period - Shot Blocked by Phil McRae.
3:07 of 3rd period - Snap shot by Jared McCann.
3:07 of 3rd period - Stopped by Alex Stalock with a rebound.
3:09 of 3rd period - Slapshot by Jared McCann.
3:09 of 3rd period - Shot Blocked by Taylor Aronson.
3:34 of 3rd period - Martin Frk is hit by Jonathan Blum.
3:51 of 3rd period - Stefan Elliott is hit by Robert Bortuzzo.
3:55 of 3rd period - Michael Dal Colle is hit by Robert Bortuzzo and loses puck.
4:22 of 3rd period - Minor Penalty to Christoph Bertschy for Holding.
4:23 of 3rd period - Vincent Trocheck wins face-off versus Spencer Machacek in Demolitions zone.
5:49 of 3rd period - Icing by Connor Carrick.
5:50 of 3rd period - Jonathan Marchessault wins face-off versus Spencer Machacek in Sewer Rats zone.
6:22 of 3rd period - Penalty to Christoph Bertschy is over, Christoph Bertschy is back on ice.
6:31 of 3rd period - Phil McRae is hit by Joel Edmundson and loses puck.
7:12 of 3rd period - Nikita Tryamkin is hit by Daniel Carr and loses puck.
7:19 of 3rd period - Daniel Carr is hit by Nikita Tryamkin and loses puck.
7:32 of 3rd period - Steven Kampfer is hit by Daultan Leveillé and loses puck.
7:39 of 3rd period - Wrist shot by Brandon Saad.
7:39 of 3rd period - Shot Blocked by Erik Condra.
7:52 of 3rd period - Off-side.
7:53 of 3rd period - Tomas Tatar wins face-off versus Phil McRae in neutral zone.
8:07 of 3rd period - Wrist shot by Phil McRae.
8:07 of 3rd period - Shot Misses the Net.
8:09 of 3rd period - Wrist shot by Dennis Everberg.
8:09 of 3rd period - Shot Misses the Net.
8:11 of 3rd period - Slapshot by Nick Pryor.
8:11 of 3rd period - Shot Misses the Net.
8:13 of 3rd period - Snap shot by Taylor Beck.
8:13 of 3rd period - Deflect By Phil McRae.
8:13 of 3rd period - Shot Blocked by Mark Mancari.
8:13 of 3rd period - Puck is out of play.
8:14 of 3rd period - Daultan Leveillé wins face-off versus Nick Cousins in Sewer Rats zone.
8:47 of 3rd period - Nikita Tryamkin is hit by Connor Carrick and loses puck.
8:50 of 3rd period - Minor Penalty to Jonathan Marchessault for Hooking.
8:51 of 3rd period - Mark Mancari wins face-off versus Andrej Nestrasil in Sewer Rats zone.
9:16 of 3rd period - Tomas Tatar is hit by Daultan Leveillé and loses puck.
9:23 of 3rd period - Slapshot by Jonathan Blum.
9:23 of 3rd period - Deflect By Daultan Leveillé.
9:23 of 3rd period - Stopped by Marek Mazanek without a rebound.
9:24 of 3rd period - Vincent Trocheck wins face-off versus Daultan Leveillé in Sewer Rats zone.
9:55 of 3rd period - Lane MacDermid is hit by Erik Condra and loses puck.
10:20 of 3rd period - Steven Kampfer is hit by Nikita Tryamkin and loses puck.
10:50 of 3rd period - Penalty to Jonathan Marchessault is over, Jonathan Marchessault is back on ice.
11:01 of 3rd period - Snap shot by Dmitrij Jaskin.
11:01 of 3rd period - Shot Blocked by Dennis Everberg.
11:13 of 3rd period - Minor Penalty to Jared McCann for Tripping.
11:14 of 3rd period - Mark Mancari wins face-off versus Daultan Leveillé in Sewer Rats zone.
11:25 of 3rd period - Backhand shot by Daultan Leveillé.
11:25 of 3rd period - Stopped by Marek Mazanek without a rebound.
11:26 of 3rd period - Daultan Leveillé wins face-off versus Mark Mancari in Sewer Rats zone.
12:07 of 3rd period - Icing by Andrej Nestrasil.
12:08 of 3rd period - J.T. Brown wins face-off versus Mark Mancari in Demolitions zone.
12:17 of 3rd period - Wrist shot by J.T. Brown.
12:17 of 3rd period - Deflect By Joel Edmundson.
12:17 of 3rd period - Shot Misses the Net.
12:17 of 3rd period - Puck is out of play.
12:18 of 3rd period - Daultan Leveillé wins face-off versus Mark Mancari in Sewer Rats zone.
12:21 of 3rd period - Snap shot by Spencer Machacek.
12:21 of 3rd period - Shot Misses the Net.
12:33 of 3rd period - Wrist shot by Mark Mancari.
12:33 of 3rd period - Goal by Mark Mancari - Sewer Rats : 4 - Demolitions : 7.
12:34 of 3rd period - Mark Mancari wins face-off versus Spencer Machacek in neutral zone.
12:41 of 3rd period - Off-side.
12:42 of 3rd period - Daultan Leveillé wins face-off versus Mark Mancari in neutral zone.
13:13 of 3rd period - Penalty to Jared McCann is over, Jared McCann is back on ice.
13:26 of 3rd period - Robert Bortuzzo is hit by Erik Condra.
14:02 of 3rd period - Snap shot by Dennis Everberg.
14:02 of 3rd period - Stopped by Marek Mazanek without a rebound.
14:03 of 3rd period - Nick Cousins wins face-off versus Daultan Leveillé in Sewer Rats zone.
14:14 of 3rd period - Wrist shot by Brandon Saad.
14:14 of 3rd period - Stopped by Marek Mazanek without a rebound.
14:15 of 3rd period - Nick Cousins wins face-off versus Daultan Leveillé in Sewer Rats zone.
14:29 of 3rd period - Minor Penalty to Nikita Tryamkin for Hooking.
14:30 of 3rd period - Spencer Machacek wins face-off versus Vincent Trocheck in Demolitions zone.
16:03 of 3rd period - Slapshot by Jonathan Blum.
16:03 of 3rd period - Deflect By Aaron Palushaj.
16:03 of 3rd period - Goal by Aaron Palushaj - Sewer Rats : 4 - Demolitions : 8.
16:04 of 3rd period - Vincent Trocheck wins face-off versus Spencer Machacek in neutral zone.
16:29 of 3rd period - Penalty to Nikita Tryamkin is over, Nikita Tryamkin is back on ice.
16:44 of 3rd period - Snap shot by Lane MacDermid.
16:44 of 3rd period - Shot Misses the Net.
16:46 of 3rd period - Slapshot by Nikita Tryamkin.
16:46 of 3rd period - Shot Misses the Net.
16:48 of 3rd period - Wrist shot by J.T. Brown.
16:48 of 3rd period - Stopped by Marek Mazanek with a rebound.
16:50 of 3rd period - Snap shot by Lane MacDermid.
16:50 of 3rd period - Deflect By J.T. Brown.
16:50 of 3rd period - Shot Misses the Net.
16:50 of 3rd period - Puck is out of play.
16:51 of 3rd period - Vincent Trocheck wins face-off versus Andrej Nestrasil in Sewer Rats zone.
16:58 of 3rd period - Slapshot by Tomas Tatar.
16:58 of 3rd period - Shot Blocked by Andrej Nestrasil.
17:00 of 3rd period - Slapshot by Tomas Tatar.
17:00 of 3rd period - Shot Misses the Net.
17:02 of 3rd period - Snap shot by John Ramage.
17:02 of 3rd period - Stopped by Alex Stalock with a rebound.
17:04 of 3rd period - Slapshot by Steven Kampfer.
17:04 of 3rd period - Shot Misses the Net.
17:46 of 3rd period - Daniel Carr is hit by Robert Bortuzzo and loses puck.
18:07 of 3rd period - Wrist shot by Robert Bortuzzo.
18:07 of 3rd period - Shot Blocked by Michael Dal Colle.
18:09 of 3rd period - Wrist shot by Dennis Everberg.
18:09 of 3rd period - Stopped by Marek Mazanek without a rebound.
18:10 of 3rd period - Phil McRae wins face-off versus Vincent Trocheck in Sewer Rats zone.
18:11 of 3rd period - Wrist shot by Taylor Beck.
18:11 of 3rd period - Shot Blocked by Stefan Elliott.
18:17 of 3rd period - Slapshot by Tomas Tatar.
18:17 of 3rd period - Goal by Tomas Tatar - Sewer Rats : 5 - Demolitions : 8.
18:18 of 3rd period - Brandon Saad wins face-off versus Vincent Trocheck in neutral zone.
18:59 of 3rd period - Minor Penalty to Nikita Tryamkin for Tripping.
19:00 of 3rd period - Vincent Trocheck wins face-off versus Spencer Machacek in Demolitions zone.
19:25 of 3rd period - Jonathan Blum is hit by Daniel Carr and loses puck.
19:52 of 3rd period - Jonathan Blum is hit by Daniel Carr.
Goals for this period are 2 for Sewer Rats vs 1 for Demolitions.
Shots for this period are 7 for Sewer Rats vs 9 for Demolitions.
Back to the Top